 Dungeon Crawl Stone Soup version 0.23-a0-350-g6fd5563 (webtiles) character file.

140 RoseArtemis the Cudgeler (level 5, 0/32 HPs)
             Began as a Gargoyle Gladiator on Oct 20, 2018.
             Slain by an iguana (7 damage)
             ... on level 3 of the Dungeon.
             The game lasted 00:07:12 (2254 turns).

RoseArtemis the Cudgeler (Gargoyle Gladiator)       Turns: 2254, Time: 00:07:13

Health: 0/32       AC: 11    Str: 19    XL:     5   Next: 23%
Magic:  5/5        EV: 11    Int:  8    God:
Gold:   146        SH:  0    Dex: 11    Spells: 4/4 levels left

rFire    . . .     SeeInvis .   a - +0 flail
rCold    . . .     Gourm    .   (no shield)
rNeg     + . .     Faith    .   e - +0 scale mail
rPois    ∞         Spirit   .   c - +0 helmet
rElec    +         Reflect  .   (no cloak)
rCorr    .         Harm     .   (no gloves)
MR       .....                  (no boots)
Stlth    ..........             (no amulet)
HPRegen  0.10/turn              (no ring)
MPRegen  0.09/turn              (no ring)

@: no status effects
A: negative energy resistance 1, electricity resistance, unbreathing,
petrification resistance, rot immunity, AC +4
a: no special abilities


You were on level 3 of the Dungeon.
You were not hungry.

You visited 1 branch of the dungeon, and saw 3 of its levels.

You collected 146 gold pieces.

Inventory:

Hand Weapons
 a - a +0 flail (weapon)
Missiles
 d - 3 throwing nets (quivered)
Armour
 c - a +0 helmet (worn)
 e - a +0 scale mail (worn)
 i - a cursed +0 helmet
Jewellery
 n - a +2 amulet of reflection {unknown}
Wands
 g - a wand of polymorph (6)
Scrolls
 h - a scroll of blinking {unknown}
 k - 5 scrolls of magic mapping {unknown}
 m - a scroll of remove curse {unknown}
 p - a scroll of teleportation {unknown}
 r - a scroll of identify {unknown}
 s - a scroll of noise {unknown}
Potions
 b - a potion of lignification {unknown}
 j - 3 potions of heal wounds {unknown}
 o - a potion of curing {unknown}
 q - a potion of haste {unknown}
 t - a potion of mutation {unknown}
Comestibles
 f - 5 rations
 l - 8 chunks of flesh


   Skills:
 + Level 3.2 Fighting
 * Level 4.2 Maces & Flails
 - Level 1.7 Throwing
 + Level 2.1 Armour
 + Level 3.0 Dodging


You had 4 spell levels left.
You didn't know any spells.
Your spell library was empty.

Dungeon Overview and Level Annotations

Branches:
Dungeon (3/15)

Altars:
Fedhas
Trog

Annotations:
D:3 Grinder, Sigmund


Innate Abilities, Weirdness & Mutations

You are resistant to torment.
Your stone body is resilient. (AC +4)
You are immune to poison.
You resist negative energy. (rN+)
You are resistant to electric shocks. (rElec)
You can survive without breathing.
You are immune to petrification.
You are immune to rotting.


Message History

You kill the orc!
The orc closely misses you.
You completely miss the orc.
The iguana bites you but does no damage.
The orc closely misses you. The orc hits you but does no damage.
You barely miss the orc. The iguana bites you.
The orc hits you but does no damage. x3
You closely miss the orc. The iguana completely misses you.
The orc hits you with a +0 hand axe. The orc hits you but does no damage.
The orc hits you with a +0 flail.
Some of the chunks of flesh in your inventory have rotted away.
You closely miss the orc. The iguana bites you!
* * * LOW HITPOINT WARNING * * *
The orc hits you but does no damage. The orc barely misses you.
The iguana bites you.
* * * LOW HITPOINT WARNING * * *
The orc hits you but does no damage.
You barely miss the orc. The orc hits you but does no damage. x2
The iguana bites you!
You die...

##### #?... #######
#.... ....... .....#
....... ...... .......
......###########.......
..............go#o......
.......(.l.(.##l@o......
......#(.....####.......
.<...........# .......
#...###......# .......
#### #......## .......
#........ #######
####......####.....#
###....###### #.....#
.#...#### #.....#


You could see an iguana, 3 orcs and a goblin.

Vanquished Creatures
  An orc wizard (D:3)
  Terence (D:2)
  2 oozes
  3 worms
  A dart slug (D:2)
  A leopard gecko (D:1)
  6 orcs (D:3)
  4 bats
  3 giant cockroaches
  6 goblins
  6 hobgoblins
  3 jackals (D:1)
  A quokka (D:3)
  A ball python (D:1)
  4 frilled lizards
  9 kobolds
  7 rats
59 creatures vanquished.

Notes
Turn   | Place    | Note
-------+----------+-------------------------------------------
     0 | D:1      | RoseArtemis the Gargoyle Gladiator began the quest for the
                  | Orb.
     0 | D:1      | Reached XP level 1. HP: 12/12 MP: 1/1
   299 | D:1      | Reached XP level 2. HP: 18/18 MP: 2/2
   751 | D:1      | Reached skill level 1 in Armour
   914 | D:1      | Reached XP level 3. HP: 22/22 MP: 3/3
  1430 | D:2      | Noticed Terence
  1447 | D:2      | Killed Terence
  1447 | D:2      | Reached XP level 4. HP: 22/27 MP: 4/4
  1957 | D:3      | Reached skill level 4 in Maces & Flails
  1969 | D:3      | Found a bloodstained altar of Trog.
  2068 | D:3      | Noticed Grinder
  2170 | D:3      | Reached XP level 5. HP: 26/32 MP: 5/5
  2201 | D:3      | Found a blossoming altar of Fedhas.
  2236 | D:3      | Noticed Sigmund
  2254 | D:3      | Slain by an iguana

Vault maps used:
D:1:      ebering_trefoil_twist, nrook_mini_backslash
D:2:      minmay_misc_feat_rugged, uniq_terence
D:3:      lemuel_coloured_pillars_altar, bloody_trog, first_ration,
          uniq_grinder, uniq_sigmund

Skill      XL: |  1  2  3  4 |
---------------+-------------+-----
Armour         | 1 2 |  2.1
Maces & Flails | 4 |  4.2
Fighting       | 3 |  3.2
Dodging        | 3 |  3.0
Throwing       | |  1.7

Action                   |  1- 3 |  4- 6 || total
-------------------------+-------+-------++-------
Melee: Flail             |   101 |    98 ||   199
       Unarmed           |    11 |       ||    11
 Stab: Confused          |     1 |       ||     1
  Eat: Chunk             |     1 |     4 ||     5
Armor: Scale mail        |    62 |    69 ||   131
Dodge: Dodged            |    82 |    52 ||   134

Table legend:
 A = Non-vault XP
 B = Vault XP
 C = Vault XP percentage of total XP
 D = Non-vault monster count
 E = Vault monster count
 F = Vault count percentage of total count
                 A         B        C        D         E       F
            +---------+---------+-------+---------+---------+-------
      Total |     165 |      36 |  17.9 |      58 |       1 |   1.7
            +---------+---------+-------+---------+---------+-------
        D:1 |      49 |       0 |   0.0 |      28 |       0 |   0.0
        D:2 |      27 |      36 |  57.1 |      11 |       1 |   8.3
        D:3 |      89 |       0 |   0.0 |      19 |       0 |   0.0
            +---------+---------+-------+---------+---------+-------
